 Dungeon Crawl Stone Soup version 0.15-a0-1224-g3833f9c (webtiles) character file.

46074 PolkaDot the Bewitcher (level 14, -6/85 HPs)
             Began as a Vampire Enchanter on June 2, 2014.
             Was a High Priest of Ashenzari.
             Mangled by an angel
             ... wielding a +2,+2 sacred scourge of holy wrath
              (12 damage)
             ... on Level 1 of the Abyss.
             The game lasted 02:15:33 (29024 turns).

PolkaDot the Bewitcher (Vampire Enchanter)         Turns: 29024, Time: 02:15:59

HP  -6/85        AC 17     Str  7      XL: 14   Next:  3%
MP  20/20        EV 13     Int 20      God: Ashenzari [*****.]
Gold 1267        SH  0     Dex 15      Spells:  7 memorised,  1 level left

rFire  + . .     SeeInvis +     a - +0,+1 dagger (speed)
rCold  + + .     Clarity  +     d - +3 leather armour {rF+} (curse)
rNeg   + + +     rCorr    .     (no shield)
rPois  +         rRot     +     z - +2 helmet (curse)
rElec  .         Spirit   .     J - +0 cloak (curse)
SustAb .         Warding  +     w - +2 pair of gloves (curse)
rMut   .         Stasis   .     A - +2 pair of boots (curse)
Gourm  .                        C - cursed amulet of warding
MR     ++...                    M - cursed ring of protection from magic
                                x - cursed ring of wizardry

@: bloodless, non-regenerating, glowing, very resistant to hostile enchantments,
stealthy
A: bottle blood, fangs 3, see invisible, unbreathing
a: Bat Form, Bottle Blood, Scrying, Transfer Knowledge, Renounce Religion


You were on level 1 of the Abyss.
You worshipped Ashenzari.
Ashenzari was extremely pleased with you.
You were bloodless.

You visited 3 branches of the dungeon, and saw 20 of its levels.
You visited the Abyss 1 time.
You also visited: Labyrinth, Sewer and Volcano.

You collected 1267 gold pieces.

Inventory:

Hand weapons
 a - a +0,+1 dagger of speed (weapon)
 b - a +1 blowgun
Missiles
 p - 4 needles of confusion
 v - 7 curare-tipped needles
 K - 72 poisoned needles
 L - 2 throwing nets (quivered)
 P - 13 needles of paralysis
Armour
 d - a cursed +3 leather armour of fire resistance (worn)
 w - a cursed +2 pair of gloves (worn)
 z - a cursed +2 helmet (worn)
 A - a cursed +2 pair of boots (worn)
 J - a cursed +0 cloak (worn)
Magical devices
 t - a wand of hasting (6) {unknown}
 B - a wand of digging (14)
Scrolls
 e - a scroll of blinking
 f - 5 scrolls of amnesia
 g - 4 scrolls of teleportation
 h - 4 scrolls of immolation
 k - 3 scrolls of summoning
 n - a scroll of curse armour
 r - 3 scrolls of fear
 u - a scroll of curse weapon
 y - 2 scrolls of recharging
 E - 4 scrolls of remove curse
 I - 3 scrolls of identify
 N - 3 scrolls of fog
 O - a scroll of silence
Jewellery
 x - a cursed ring of wizardry (left hand)
 C - a cursed amulet of warding (around neck)
 M - a cursed ring of protection from magic (right hand)
Potions
 j - 2 potions of agility
 m - 14 potions of curing
 o - 2 potions of resistance
 q - 4 potions of restore abilities
 s - 3 potions of flight
 D - 2 potions of heal wounds
 F - 3 potions of magic
 H - 2 potions of degeneration {!q}
 R - a potion of brilliance
Books
 c - a book of Maledictions

   Spells                             Type                      Level
   *Corona                            Hexes                        1
   *Sure Blade                        Hexes/Charms                 2
   *Ensorcelled Hibernation           Hexes/Ice                    2
   *Confuse                           Hexes                        3
   *Dazzling Spray                    Conjuration/Hexes            3
   *Enslavement                       Hexes                        4
 i - a book of Death

   Spells                             Type                      Level
   Corpse Rot                         Necromancy                   2
   Sublimation of Blood               Necromancy                   2
   Agony                              Necromancy                   5
   Dispel Undead                      Necromancy                   5
   Excruciating Wounds                Charms/Necromancy            5
   Bolt of Draining                   Conjuration/Necromancy       5
 l - a book of Hinderance

   Spells                             Type                      Level
   Confusing Touch                    Hexes                        2
   *Confuse                           Hexes                        3
   Petrify                            Transmutation/Earth          4
   Leda's Liquefaction                Hexes/Earth                  4
   Metabolic Englaciation             Hexes/Ice                    5
   Summon Mana Viper                  Hexes/Summoning              5
 G - a book of Dreams

   Spells                             Type                      Level
   *Ensorcelled Hibernation           Hexes/Ice                    2
   Flight                             Charms/Air                   3
   Phase Shift                        Translocation                5
   Shadow Creatures                   Summoning                    5
   Mass Confusion                     Hexes                        6
   Darkness                           Hexes                        7
 Q - a book of Unlife

   Spells                             Type                      Level
   Recall                             Summoning/Translocation      3
   Animate Dead                       Necromancy                   4
   Control Undead                     Necromancy                   4
   Twisted Resurrection               Necromancy                   5
   Death Channel                      Necromancy                   6
   Simulacrum                         Ice/Necromancy               6


   Skills:
 - Level 14.0 Short Blades
 * Level 4.9 Armour
 - Level 2.1(5.1) Dodging
 + Level 18.2(21.4) Stealth
 - Level 2.0 Spellcasting
 + Level 20.3(23.3) Hexes
 - Level 2.2(5.3) Ice Magic


You had one spell level left.
You knew the following spells:

 Your Spells              Type           Power        Failure   Level  Hunger
a - Corona                Hex            #######      0%          1    #......
b - Sure Blade            Hex/Chrm       #####.....   1%          2    ##.....
c - Confuse               Hex            #######.     0%          3    ###....
d - Ensorcelled Hibernat  Hex/Ice        ######       1%          2    ##.....
e - Enslavement           Hex            #######.     0%          4    #####..
s - Dazzling Spray        Conj/Hex       #####...     1%          3    ###....
A - Apportation           Tloc           #.........   6%          1    #......


Dungeon Overview and Level Annotations

Branches:
Dungeon (11/15)            Temple (1/1) D:4            Lair (8/8) D:9
  Swamp (0/5) Lair:5       Spider (0/5) Lair:6        Slime (0/6) Lair:8
    Orc: D:9-12

Altars:
Ashenzari
Cheibriados
Dithmenos
Elyvilon
Fedhas
Gozag
Kikubaaqudgha
Makhleb
Nemelex Xobeh
Okawaru
Qazlal
Sif Muna
Trog
Vehumet
Xom
Yredelemnul
Zin
The Shining One

Annotations:
Lair:8 exclusion: 3 oklob plants


Innate Abilities, Weirdness & Mutations

You do not heal naturally.
You can bottle blood from corpses.
You have razor-sharp teeth.*
You have supernaturally acute eyesight.
You can survive without breathing.*


Message History

Your hands tingle!
Your cursed +0 cloak unmelds from your body.
Your cursed +2 helmet unmelds from your body.
Your cursed +2 pair of gloves unmelds from your body.
Your cursed +2 pair of boots unmelds from your body.
Your cursed +3 leather armour of fire resistance unmelds from your body.
You feel resistant to fire.
Your cursed ring of wizardry unmelds from your body.
Oops, that ring feels deathly cold.
x - a cursed ring of wizardry (left hand)
Your cursed ring of protection from magic unmelds from your body.
Oops, that ring feels deathly cold.
M - a cursed ring of protection from magic (right hand)
The angel hits you with a sacred scourge of holy wrath!
You convulse!!
* * * LOW HITPOINT WARNING * * *
The angel hits you with a sacred scourge of holy wrath!
* * * LOW HITPOINT WARNING * * *
You convulse!
You die...

,, * ,, * , , , * , *
##***{ ,,,,, *, *, *
*, #...,* * , *, ,*
,, ** , ,#...,,***
,.*. **,* * , **
.....#, , ,.##.., * *
*,** * ,*
....####.#...##,** ,,
* *
,,..#..ยง###....*,**
** ,* ,*
*#.#...#...#.##,, * ,
,,,* ,
#@A......#.#.#,* * **
*,
,#####.#....#..#,,,*
,,, , ,
#...##..#..#.#** ,* ,
,,*
*#.##......#.#..## ,
* ,*
,.........#.##...*##,
** *,
.#..#..#.###.#.#..#*
* ,,,
***#..#.,...####*..#,
,
,**#.#.#.**##..#.,.##
, , , * #,....**{
#...#...


You could see an angel.

Vanquished Creatures
  Rupert (Lair:4)
  The ghost of Execuda the Warrior, a powerful MiBe of Trog (Lair:3)
  A minotaur (Lab)
  6 hydras
  Erica (Lair:5)
  An ogre mage (Volcano)
  Nergalle (Lair:4)
  Erolcha (D:9)
  A hill giant (D:9)
  An oklob plant (Lair:2)
  A lindwurm (Lair:6)
  7 spiny frogs
  7 black mambas
  15 elephants
  A molten gargoyle (Volcano)
  4 komodo dragons
  A fire drake (Lair:4)
  7 wandering mushrooms (Lair:8)
  A troll (D:9)
  A hydra zombie (D:10)
  21 blink frogs
  A boulder beetle (Lair:8)
  6 two-headed ogres
  A basilisk (Lair:1)
  A wraith (D:10)
  10 sharks
  A deep elf mage (D:10)
  An elephant slug (Lair:8)
  4 fire bats
  8 yaks
  3 vampire mosquitoes (Lair:5)
  A steam dragon (Lair:7)
  6 hippogriffs
  Edmund (D:9)
  15 wolves
  8 porcupines
  11 water moccasins
  5 orc warriors
  2 ice beasts
  2 sky beasts
  A phantom (D:6)
  2 black bears
  6 ogres
  11 crocodiles
  4 centaurs
  5 lava worms (D:10)
  Sigmund (D:6)
  3 big kobolds
  A boring beetle (Lair:8)
  6 giant slugs
  3 gnoll sergeants (D:10)
  Blork the orc (D:9)
  16 giant frogs
  3 scorpions
  An eye of draining (D:6)
  6 killer bees (D:8)
  4 wights
  A crimson imp (D:4)
  A giant frog zombie (D:6)
  A goliath beetle (D:6)
  7 electric eels
  2 lava snakes
  9 big fish
  4 jellies
  A quasit (D:9)
  14 hounds
  6 orc priests
  8 orc wizards
  3 gnoll shamans (D:10)
  7 iguanas
  Natasha (thrice) (D:6)
  4 worker ants
  13 sheep
  Terence (D:3)
  2 mummies
  25 gnolls
  2 worker ant zombies
  25 adders
  2 orc zombies
  A scorpion zombie (D:9)
  37 green rats
  3 shadow imps
  3 giant mites
  A white imp (D:11)
  8 worms
  An adder zombie (D:10)
  An iguana skeleton (D:5)
  An iguana zombie (D:7)
  6 giant geckos
  2 oozes
  41 orcs
  6 giant cockroaches
  6 goblins
  12 hobgoblins
  16 kobolds
  16 quokkas
  3 ball pythons
  20 bats
  A giant gecko skeleton (D:5)
  3 giant newts
  A hobgoblin skeleton (D:4)
  28 jackals
  An orc skeleton (D:5)
  A quokka skeleton (D:5)
  A quokka zombie (D:6)
  15 rats
  A ballistomycete (D:10)
  3 fungi
  3 plants (Lair:8)
625 creatures vanquished.

Vanquished Creatures (collateral kills)
  The ghost of Amnekian the Unseen, a powerful SpEn of Dithmenos (Lair:6)
  2 elephants (Lair:7)
  A blink frog (Lair:5)
  An elephant slug (Lair:7)
  A hippogriff (Lair:5)
  2 wolves (Lair:4)
  A vampire mosquito (Lair:5)
  An ogre (D:7)
  A crocodile (Lair:6)
  A crimson imp (D:10)
  2 big fish (Lair:5)
  A gnoll shaman (D:9)
  4 gnolls
  2 green rats
  A white imp (D:11)
  2 orcs
  2 jackals (D:10)
  A quokka skeleton (D:7)
  A rat zombie (D:7)
  A ballistomycete (D:10)
29 creatures vanquished.

Vanquished Creatures (others)
  A water moccasin (Lair:8)
  An iron imp (D:11)
  A hobgoblin (D:2)
  A giant spore (D:10)
  7 fungi
  11 plants
22 creatures vanquished.

Grand Total: 676 creatures vanquished

Notes
Turn   | Place    | Note
--------------------------------------------------------------
     0 | D:1      | PolkaDot, the Vampire Enchanter, began the quest for the Orb.
     0 | D:1      | Reached XP level 1. HP: 13/13 MP: 3/3
   202 | D:1      | Reached XP level 2. HP: 17/19 MP: 2/4
   283 | D:1      | Learned a level 2 spell: Ensorcelled Hibernation
   955 | D:2      | Found a glowing silver altar of Zin.
   958 | D:2      | Noticed an angel
  1033 | D:2      | Found a shimmering altar of Xom.
  1296 | D:2      | Reached XP level 3. HP: 20/24 MP: 6/6
  1559 | D:3      | Reached skill level 1 in Ice Magic
  1783 | D:3      | Learned a level 3 spell: Confuse
  2348 | D:3      | Noticed Terence
  2405 | D:3      | Killed Terence
  2472 | D:3      | Reached XP level 4. HP: 27/30 MP: 4/7
  2627 | D:3      | Reached skill level 5 in Stealth
  2759 | D:3      | Reached skill level 5 in Hexes
  3307 | D:4      | Reached XP level 5. HP: 33/35 MP: 0/9
  3503 | D:4      | Found a staircase to the Ecumenical Temple.
  3510 | Temple   | Entered the Ecumenical Temple
  3648 | Temple   | Became a worshipper of Ashenzari the Shackled
  3792 | D:4      | Found a glowing drain.
  3799 | D:4      | Reached skill level 6 in Hexes
  3818 | Sewer    | Entered a sewer
  4600 | Sewer    | Reached skill level 7 in Hexes
  4600 | Sewer    | Reached XP level 6. HP: 41/41 MP: 10/10
  5151 | D:4      | Found a deep blue altar of Sif Muna.
  5216 | D:4      | Noticed an ogre
  5217 | D:4      | Reached skill level 8 in Hexes
  5223 | D:4      | Killed an ogre
  5229 | D:4      | Reached XP level 7. HP: 25/46 MP: 0/12
  5436 | D:4      | Noticed a water moccasin
  5444 | D:4      | Killed a water moccasin
  5444 | D:4      | Reached skill level 9 in Hexes
  5706 | D:4      | Found a burning altar of Makhleb.
  5778 | D:5      | Entered Level 5 of the Dungeon
  5799 | D:5      | Reached skill level 10 in Hexes
  6042 | D:5      | Found a shadowy altar of Dithmenos.
  6140 | D:5      | Reached XP level 8. HP: 52/52 MP: 13/13
  6154 | D:5      | Reached skill level 11 in Hexes
  6347 | D:5      | Found a burning altar of Makhleb.
  6347 | D:5      | Noticed a cacodemon
  7056 | D:6      | Reached skill level 10 in Stealth
  7056 | D:6      | Reached skill level 12 in Hexes
  7405 | D:6      | Noticed Natasha
  7410 | D:6      | Killed Natasha
  7589 | D:6      | Noticed Natasha
  7592 | D:6      | Killed Natasha
  7663 | D:6      | Noticed Natasha
  7669 | D:6      | Killed Natasha
  7884 | D:6      | Found a shattered altar of Ashenzari.
  7993 | D:6      | Learned a level 4 spell: Enslavement
  8136 | D:6      | Noticed Sigmund
  8137 | D:6      | Reached XP level 9. HP: 57/57 MP: 14/14
  8179 | D:6      | Killed Sigmund
  8179 | D:6      | Reached skill level 5 in Short Blades
  8192 | D:6      | Learned a level 2 spell: Sure Blade
  8676 | D:7      | Reached skill level 13 in Hexes
  9631 | D:8      | Reached skill level 14 in Hexes
  9710 | D:8      | Acquired Ashenzari's first power
 10843 | D:7      | Reached XP level 10. HP: 58/63 MP: 11/16
 11353 | D:9      | Noticed Erolcha
 11361 | D:9      | Killed Erolcha
 11361 | D:9      | Reached skill level 15 in Hexes
 11430 | D:9      | Noticed Edmund
 11434 | D:9      | Found a staircase to the Lair.
 11443 | D:9      | Killed Edmund
 11728 | D:9      | Noticed Blork the orc
 11735 | D:9      | Killed Blork the orc
 12122 | D:9      | Identified the +2 ring mail of Refuge {Dex+1 Int+3}
 12633 | D:10     | Entered Level 10 of the Dungeon
 13061 | Lair:1   | Entered Level 1 of the Lair of Beasts
 13125 | Lair:1   | Noticed a four-headed hydra
 13136 | Lair:1   | Killed a four-headed hydra
 13136 | Lair:1   | Reached skill level 16 in Hexes
 13161 | Lair:1   | Noticed a five-headed hydra
 13215 | Lair:1   | Found a dark tunnel.
 13235 | Lair:1   | Reached XP level 11. HP: 8/68 MP: 7/17
 13315 | Volcano  | Entered a volcano
 13419 | Volcano  | Acquired Ashenzari's second power
 13546 | Volcano  | Found a burning altar of Makhleb.
 13546 | Volcano  | Noticed an ogre mage
 13579 | Volcano  | Killed an ogre mage
 13676 | Volcano  | Reached skill level 17 in Hexes
 14581 | Lair:1   | Killed a five-headed hydra
 14920 | Lair:2   | Found a glowing silver altar of Zin.
 15865 | Lair:2   | Reached skill level 10 in Short Blades
 15891 | Lair:2   | Reached skill level 18 in Hexes
 16318 | Lair:3   | Noticed Execuda's ghost (powerful MiBe)
 16331 | Lair:3   | Killed Execuda's ghost
 16331 | Lair:3   | Reached skill level 15 in Stealth
 16425 | Lair:3   | Reached XP level 12. HP: 74/74 MP: 18/18
 16775 | Lair:3   | Acquired Ashenzari's third power
 16928 | Lair:4   | Learned a level 3 spell: Dazzling Spray
 17673 | Lair:4   | Noticed Rupert
 17675 | Lair:4   | Paralysed by Rupert for 3 turns
 18324 | Lair:5   | Found a staircase to the Swamp.
 18675 | Lair:6   | Noticed Erica
 18710 | Lair:5   | Killed Erica
 19102 | Lair:6   | Noticed a five-headed hydra
 19572 | Lair:6   | Reached skill level 19 in Hexes
 19620 | Lair:6   | Noticed Amnekian's ghost (powerful SpEn)
 19632 | Lair:6   | Killed Amnekian's ghost
 19642 | Lair:6   | Killed a five-headed hydra
 19728 | Lair:6   | Found a hole to the Spider Nest.
 19752 | Lair:6   | Acquired Ashenzari's fourth power
 20492 | Lair:7   | Found a labyrinth entrance.
 20519 | Lab      | Entered a labyrinth
 20701 | Lab      | Noticed a minotaur
 20704 | Lab      | Killed a minotaur
 21035 | Lair:7   | Reached XP level 13. HP: 37/79 MP: 7/19
 21540 | Lair:7   | Noticed an eight-headed hydra
 21556 | Lair:7   | Killed an eight-headed hydra
 22377 | Lair:8   | Entered Level 8 of the Lair of Beasts
 23065 | Lair:8   | Reached skill level 1 in Armour
 23728 | Lair:8   | Found a staircase to the Slime Pits.
 24738 | Lair:8   | Identified the +0 robe of Death Resistance {rElec rC+}
 25557 | Lair:4   | Noticed Nergalle
 25562 | Lair:4   | Killed Nergalle
 25562 | Lair:4   | Reached skill level 20 in Hexes
 25683 | Lair:4   | Killed Rupert
 26535 | D:10     | Noticed a hill giant
 27465 | D:9      | Killed a hill giant
 27620 | D:10     | Reached XP level 14. HP: 74/85 MP: 10/20
 27689 | D:10     | Learned a level 1 spell: Apportation
 28753 | D:11     | Cast into the Abyss (orc)
 28757 | Abyss:1  | Found a bloodstained altar of Trog.
 28862 | Abyss:1  | Noticed a hellephant
 28905 | Abyss:1  | Noticed a tentacled starspawn
 28980 | Abyss:1  | Noticed an angel
 29024 | Abyss:1  | Mangled by an angel

Action                   |  1- 3 |  4- 6 |  7- 9 | 10-12 | 13-15 || total
-------------------------+-------+-------+-------+-------+-------++-------
Melee: Dagger            |    89 |   100 |   312 |   499 |   535 ||  1535
 Fire: Blowgun           |       |       |       |       |     1 ||     1
 Cast: Corona            |     8 |       |       |     1 |       ||     9
       Ensorcelled Hiber |    26 |    57 |   120 |   199 |   109 ||   511
       Confuse           |     4 |     3 |    13 |    17 |    29 ||    66
       Enslavement       |       |       |     6 |    33 |    48 ||    87
       Sure Blade        |       |       |       |     3 |     8 ||    11
 Abil: End Transformatio |       |     1 |       |     1 |     2 ||     4
       Bat Form          |       |     1 |       |     1 |     2 ||     4
Evoke: Wand              |       |       |     1 |     4 |     1 ||     6
  Use: Scroll            |       |     1 |    12 |    40 |     8 ||    61
       Potion            |       |       |     8 |    14 |     1 ||    23
 Stab: Sleeping          |    15 |    51 |    97 |   196 |   114 ||   473
       Confused          |     2 |     3 |     6 |     7 |    16 ||    34
       Distracted        |       |       |     4 |     6 |    12 ||    22
       Betrayed ally     |       |       |     1 |     2 |     5 ||     8
       Invisible         |       |       |       |     3 |       ||     3
